 Dungeon Crawl Stone Soup version 0.24.0-123-gd5b16e6ec5 (webtiles) character file.

Game seed: 17732605927723790188, levelgen mode: deterministic

527 Descartes the Ducker (level 7, -2/31 HPs)
             Began as a Felid Monk on Jan 8, 2020.
             Slain by a phantom (7 damage)
             ... on level 5 of the Dungeon.
             The game lasted 00:10:17 (6393 turns).

Descartes the Ducker (Felid Monk)                   Turns: 6393, Time: 00:10:18

Health: -2/31      AC:  2    Str:  9    XL:     7   Next: 3%
Magic:  8/8        EV: 23    Int: 11    God:
Gold:   242        SH:  0    Dex: 19    Spells: 6/6 levels left
                                        Lives:  0   Deaths: 2

rFire    + . .     SeeInvis +     - Unarmed
rCold    . . .     Gourm    .   (shield unavailable)
rNeg     . . .     Faith    .   (armour unavailable)
rPois    .         Spirit   .   (helmet unavailable)
rElec    .         Reflect  .   (cloak unavailable)
rCorr    .         Harm     .   (gloves unavailable)
MR       +....                  (boots unavailable)
Stlth    ++++......             (no amulet)
HPRegen  0.10/turn              k - ring of protection from fire
MPRegen  0.11/turn              (no ring)

@: quick
A: very small, no armour, no weapons or thrown items, stealth, claws 1, fangs 3,
see invisible, carnivore, speed 1, shaggy fur 2, slow metabolism 1, sharp paws
a: no special abilities


You were on level 5 of the Dungeon.
You were completely stuffed.

You visited 1 branch of the dungeon, and saw 5 of its levels.
You also visited: Sewer.

You collected 242 gold pieces.

Inventory:

Missiles
 c - 169 stones
 n - 75 arrows
Jewellery
 k - a ring of protection from fire (left paw)
Wands
 r - a wand of polymorph (22)
Scrolls
 b - 7 scrolls of teleportation
 d - 3 scrolls of enchant weapon {unknown}
 g - a scroll of fear {unknown}
 h - 3 scrolls of identify
 l - 3 scrolls of magic mapping {unknown}
 m - 2 scrolls of random uselessness {unknown}
 o - 5 scrolls of remove curse {unknown}
 p - 4 scrolls of amnesia {unknown}
 q - 2 scrolls of enchant armour {unknown}
Potions
 e - 5 potions of magic
 f - 2 potions of invisibility
 i - 2 potions of curing {unknown}
 j - 2 potions of heal wounds {unknown}
 s - a potion of brilliance {unknown}
 t - a potion of mutation {unknown}
 u - a potion of might {unknown}
 v - 2 potions of haste
 w - a potion of cancellation {unknown}
 z - a potion of agility {unknown}
Comestibles
 a - 8 rations
 x - a chunk of flesh


   Skills:
 - Level 3.0 Fighting
 + Level 6.9 Dodging
 + Level 6.8 Stealth
 * Level 6.9 Unarmed Combat


You had 6 spell levels left.
You didn't know any spells.
Your spell library was empty.

Dungeon Overview and Level Annotations

Branches:
Dungeon (5/15)              Sewer (visited)
 Temple: D:4-7

Altars:
Gozag
Hepliaklqana
Makhleb
Nemelex Xobeh
Ru
Sif Muna
Vehumet
Wu Jian


Innate Abilities, Weirdness & Mutations

You cannot wear armour.
You are incapable of wielding weapons or throwing items.
Your paws allow you to move quietly. (Stealth)
You have sharp claws.
You have razor-sharp teeth.
You have supernaturally acute eyesight. (SInv)
You are carnivorous and can eat meat at any time.
You cover ground quickly.
You are covered in thick fur. (AC +2)
You have a slow metabolism.
Your sharp claws are effective at attacking unaware monsters.


Message History

You bite the phantom.
The phantom is heavily damaged.
The phantom hits you!
* * * LOW HITPOINT WARNING * * *
You closely miss the phantom.
The phantom is heavily damaged.
You scratch the phantom.
The phantom is heavily damaged.
The phantom blinks!
You barely miss the phantom.
The phantom is heavily damaged.
The phantom completely misses you.
You closely miss the phantom.
The phantom is heavily damaged.
The phantom hits you.
* * * LOW HITPOINT WARNING * * *
You miss the phantom. Your claw misses the phantom.
The phantom is heavily damaged.
The phantom hits you!
You die...

###..# #.# ##
#..# ###.# #..#
#...# #..#
#.### #..# #.#
#..# #.#
.>#######.#####
............#
#######.###@#
#.# #W# #.# #.#
#.# #.# ... ..#
....... #.#####


You could see a phantom.

Vanquished Creatures
  Eustachio (D:4)
  A wyvern skeleton (D:3)
  A crimson imp (D:2)
  3 hounds (D:4)
  3 orc wizards
  2 orc priests (D:4)
  2 iguanas
  6 worker ants
  A hound zombie (D:5)
  Robin (D:2)
  A gnoll (D:1)
  2 river rats (Sewer)
  5 adders
  An ooze (D:2)
  An adder skeleton (D:4)
  An adder zombie (D:5)
  2 worms
  A dart slug (D:1)
  4 leopard geckos
  9 orcs
  5 ball pythons
  5 bats
  5 giant cockroaches
  15 goblins
  5 hobgoblins
  4 jackals (D:1)
  3 quokkas
  13 frilled lizards
  2 jackal skeletons
  8 kobolds
  13 rats
126 creatures vanquished.

Notes
Turn   | Place    | Note
-------+----------+-------------------------------------------
     0 | D:1      | Descartes the Felid Monk began the quest for the Orb.
     0 | D:1      | Reached XP level 1. HP: 10/10 MP: 2/2
   239 | D:1      | Reached XP level 2. HP: 14/14 MP: 3/3
   488 | D:1      | Reached XP level 3. HP: 10/17 MP: 4/4
  1647 | D:2      | Noticed Robin
  1678 | D:2      | Reached XP level 4. HP: 16/21 MP: 5/5
  1794 | D:2      | Slain by a worm
  1795 | D:2      | Reached XP level 3. HP: 0/17 MP: 4/4
  2388 | D:2      | Reached skill level 5 in Dodging
  2388 | D:2      | Reached XP level 4. HP: 19/21 MP: 5/5
  2474 | D:2      | Found a burning altar of Makhleb.
  2475 | D:2      | Found a radiant altar of Vehumet.
  2561 | D:2      | Found an opulent altar of Gozag.
  2596 | D:2      | Killed Robin
  2802 | D:2      | Found a sparkling altar of Nemelex Xobeh.
  2943 | D:3      | Reached XP level 5. HP: 5/24 MP: 6/6
  3319 | D:3      | Reached skill level 5 in Unarmed Combat
  3551 | D:3      | Reached skill level 5 in Stealth
  3578 | D:3      | Found a shimmering blue altar of Sif Muna.
  4237 | D:4      | Found a glowing drain.
  4239 | D:4      | Noticed Eustachio
  4267 | D:4      | Gained mutation: You are covered in thick fur. (AC +2)
                  | [Felid growth]
  4267 | D:4      | Reached XP level 6. HP: 28/28 MP: 7/7
  4286 | Sewer    | Entered a sewer
  4635 | D:4      | Killed Eustachio
  5008 | D:4      | Reached XP level 7. HP: 25/31 MP: 8/8
  5235 | D:4      | Found an ornate altar of the Wu Jian Council.
  5312 | D:4      | Killed from afar by an orc wizard
  5313 | D:4      | Reached XP level 6. HP: 0/28 MP: 7/7
  6006 | D:5      | Entered Level 5 of the Dungeon
  6008 | D:5      | Found a hazy altar of Hepliaklqana.
  6278 | D:5      | Reached XP level 7. HP: 31/31 MP: 8/8
  6295 | D:5      | Found a sacrificial altar of Ru.
  6393 | D:5      | Slain by a phantom

Levels and vault maps discovered:
D:1:      nagdon_arrival_double_spiral, layout_loops_ring
D:2:      layout_loops_corners, gammafunk_temple_overflow_statue,
          grunt_temple_overflow_opulence, st_stairs_7, uniq_robin
D:3:      kennysheep_big_flooded_room, layout_basic, marbit_many_paths,
          first_ration, hangedman_abyss_or_decor_stabs
D:4:      layout_loops_corners, overflow_temple_1_default,
          cheibrodos_sewer_entry_drain, uniq_eustachio
D:5:      layout_loops_ring, grunt_temple_overflow_open

Skill      XL: |  1  2  3  4  5  6 |
---------------+-------------------+-----
Stealth        | 3 4 5 6 |  6.8
Unarmed Combat | 4 5 6 |  6.9
Dodging        | 5 6 |  6.9
Fighting       | |  3.0

Action                   |  1- 3 |  4- 6 |  7- 9 || total
-------------------------+-------+-------+-------++-------
Melee: Unarmed           |   167 |   235 |    35 ||   437
       Bite              |    18 |    16 |     6 ||    40
       Punch             |     1 |     3 |       ||     4
  Use: Scroll            |       |     4 |       ||     4
       Potion            |       |     1 |       ||     1
 Stab: Sleeping          |     9 |    23 |     5 ||    37
       Invisible         |       |     3 |       ||     3
       Distracted        |       |     2 |       ||     2
  Eat: Chunk             |    15 |    13 |     1 ||    29
Armor: Skin              |     4 |     6 |       ||    10
Dodge: Dodged            |   134 |   178 |    18 ||   330
